 Dungeon Crawl Stone Soup version 0.27.1-33-g824d729ab1 (webtiles) character file.

Game seed: 14329241821501196515

63 Gabide the Cudgeller (level 4, -1/35 HPs)
             Began as a Human Chaos Knight on Dec 10, 2021.
             Was a Plaything of Xom.
             Slain by Natasha (4 damage)
             ... on level 1 of the Dungeon.
             The game lasted 00:02:23 (1667 turns).

Gabide the Cudgeller (Human Chaos Knight)           Turns: 1667, Time: 00:02:25

Health: -1/35      AC:  6    Str: 13    XL:     4   Next: 31%
Magic:  4/4        EV: 11    Int: 12    God:    Xom [..*...]
Gold:   64         SH:  0    Dex: 13    Spells: 3/3 levels left

rFire    . . .     SeeInvis .   a - +0 mace (chaos)
rCold    . . .     Faith    .   (no shield)
rNeg     . . .     Spirit   .   b - +2 leather armour
rPois    .         Reflect  .   (no helmet)
rElec    .         Harm     .   (no cloak)
rCorr    +         Rampage  .   c - +0 pair of gloves
Will     .....                  (no boots)
Stlth    +.........             (no amulet)
HPRegen  0.11/turn              d - ring of resist corrosion
MPRegen  0.09/turn              (no ring)

@: slowed, very slow
A: no striking features
a: Renounce Religion


You were on level 1 of the Dungeon.
You worshipped Xom.
You were a toy of Xom.
You visited 1 branch of the dungeon, and saw 2 of its levels.

You collected 64 gold pieces.

Inventory:

Hand Weapons
 a - a +0 mace of chaos (weapon)
Armour
 b - a +2 leather armour (worn)
 c - a +0 pair of gloves (worn)
Jewellery
 d - a ring of resist corrosion (left hand)
Scrolls
 e - a scroll of identify {unknown}
 f - a scroll of fog {unknown}
 g - a scroll of summoning {unknown}
 h - a scroll of blinking {unknown}
 i - a scroll of immolation {unknown}


   Skills:
 + Level 3.4 Fighting
 * Level 4.1 Maces & Flails
 + Level 2.1 Armour
 + Level 1.1 Dodging
 + Level 1.1 Stealth


You had 3 spell levels left.
You didn't know any spells.
Your spell library was empty.

Dungeon Overview and Level Annotations

Branches:
Dungeon (2/15)

Altars:

Shops:
D:1 [

Annotations:
D:1 Natasha


Message History

Level annotation: Natasha
There is a stone staircase leading up here.
Natasha casts a spell at you. The magic dart hits you!
Natasha closely misses you.
You closely miss Natasha. Natasha casts a spell at you.
You feel yourself slow down.
You completely miss Natasha.
Natasha casts a spell.
Natasha stares at you and mumbles some strange words.
You feel as though you will be slow longer.
There are no items here.
Natasha stares at you and mumbles some strange words.
The magic dart hits you!
Natasha howls an incantation.
Natasha shimmers violently.
Natasha closely misses you.
There is a stone staircase leading up here.
Natasha claws you.
The white imp hits you but does no damage.
You climb upwards.
The white imp disappears in a puff of smoke!
There is a stone staircase leading down here.
Natasha claws you but does no damage.
You closely miss Natasha.
Natasha casts a spell.
Natasha misses you.
You barely miss Natasha. Natasha claws you.
The shadow imp shouts, "Scamper hence, thou pandering ruttish pustule!"
The shadow imp hits you but does no damage.
Natasha claws you but does no damage.
You hit the shadow imp.
The shadow imp is heavily wounded.
The shadow imp gestures at you. Pain shoots through your body!
* * * LOW HITPOINT WARNING * * *
Natasha claws you.
You die...
Xom laughs nastily!

............#......#
....#######...######
..............#
.###########..# .##
#..# ..#### #..####
.....# #.....#
...#.# #.###h#
.....# #.# #@#
.....# #.# #5#
.....# #.# #.#
.....# #.# #.#
.....# #.# #.#
...#.# #.# #.#
..##.# #.# #.#
..##.# #.# #.#
.....#######.###.#


You could see Natasha and a shadow imp (summoned).

Vanquished Creatures
  An adder (D:1)
  A worm (D:1)
  2 dart slugs
  2 ball pythons (D:1)
  2 endoplasms (D:1)
  3 giant cockroaches (D:1)
  6 goblins (D:1)
  4 hobgoblins (D:1)
  9 jackals (D:1)
  A quokka (D:1)
  A bat (D:1)
  3 frilled lizards (D:1)
  3 kobolds
  4 rats (D:1)
42 creatures vanquished.

Notes
Turn   | Place    | Note
-------+----------+-------------------------------------------
     0 | D:1      | Gabide the Human Chaos Knight began the quest for the Orb.
     0 | D:1      | Reached XP level 1. HP: 18/18 MP: 1/1
    84 | D:1      | Reached XP level 2. HP: 20/24 MP: 2/2
   414 | D:1      | Reached XP level 3. HP: 19/29 MP: 3/3
   705 | D:1      | XOM: silly message
   801 | D:1      | Found Kyschat's Antique Armour Boutique.
  1075 | D:1      | XOM: potion effect (invisibility)
  1080 | D:1      | Reached skill level 4 in Maces & Flails
  1080 | D:1      | Reached XP level 4. HP: 28/35 MP: 4/4
  1173 | D:1      | XOM: silly message
  1315 | D:1      | XOM: silly message
  1364 | D:1      | XOM: divination: detect creatures
  1508 | D:2      | Reached skill level 1 in Stealth
  1595 | D:2      | Noticed Natasha
  1602 | D:2      | XOM: potion effect (haste)
  1613 | D:2      | XOM: potion effect (heal wounds)
  1667 | D:1      | Slain by Natasha

Illustrated notes

Levels and vault maps discovered:
D:1:      lightli_arrival_statuegarden, layout_loops_ring, serial_shops, shop,
          minmay_pentomino_r2
D:2:      layout_basic, chequers_ecumenical_altar_grove, serial_shops,
          shop_fountains, basic_altar, uniq_jessica, uniq_natasha

Skill      XL: |  1  2  3  4 |
---------------+-------------+-----
Maces & Flails | 4 |  4.1
Stealth        | 1 |  1.1
Fighting       | |  3.4
Armour         | |  2.1
Dodging        | |  1.1

Action                   |  1- 3 |  4- 6 || total
-------------------------+-------+-------++-------
Melee: Mace              |    79 |    40 ||   119
 Stab: Paralysed         |     3 |       ||     3
       Invisible         |     1 |     1 ||     2
Armor: Leather armour    |    42 |    22 ||    64
Dodge: Dodged            |    54 |    38 ||    92
